 Seeded DCSS version 0.30-a0-918-g0ff054e9dc (webtiles) character file.

Game seed: 13555036537017109050 (custom seed)

167 GigaChad the Shield-Bearer (level 5, 42/42 HPs)
             Began as a Formicid Fighter on Mar 20, 2023.
             Quit the game on level 2 of the Dungeon.
             The game lasted 00:02:52 (1972 turns).

GigaChad the Shield-Bearer (Formicid Fighter)       Turns: 1972, Time: 00:02:53

Health: 42/42      AC: 13    Str: 27    XL:     5   Next: 76%
Magic:  5/5        EV:  8    Int:  8    God:
Gold:   148        SH:  5    Dex: 16    Spells: 4/4 levels left

rFire   + . .      SeeInvis +    r - +2 battleaxe (heavy)
rCold   . . .      Faith    .    c - +0 buckler
rNeg    + . .      Spirit   .    v - +0 chain mail
rPois   .          Reflect  .    (helmet unavailable)
rElec   .          Rampage  .    (no cloak)
rCorr   +                        m - +2 pair of gloves "Hekha" {rF+ rCorr Str+3}
Will    .....                    e - +0 pair of boots of Midsummer {-Tele rN+ Str+2 Dex+3} Stlth
                                 (no amulet)
HPRegen 0.27/turn                (no ring)
MPRegen 0.09/turn                (no ring)

@: no status effects
A: permanent stasis, dig shafts and tunnels, antennae 3, four strong arms
a: Dig, Shaft Self


You were on level 2 of the Dungeon.
You visited 1 branch of the dungeon, and saw 2 of its levels.

You collected 148 gold pieces.

Inventory:

Hand Weapons
 a - a +0 war axe
 r - a +2 heavy battleaxe (weapon)
Missiles
 l - 2 throwing nets
Armour
 b - a +0 scale mail
 c - a +0 buckler (worn)
 e - the +0 pair of boots of Midsummer (worn) {-Tele rN+ Str+2 Dex+3}
   (You acquired it on level 1 of the Dungeon)

   Str:       It affects your strength (+2).
   Dex:       It affects your dexterity (+3).
   rN:        It protects you from negative energy.
   -Tele:     It prevents most forms of teleportation.
 m - the +2 pair of gloves "Hekha" (worn) {rF+ rCorr Str+3}
   (You acquired it on level 2 of the Dungeon)

   Str:       It affects your strength (+3).
   rF:        It protects you from fire.
   rCorr:     It protects you from acid and corrosion.
 v - a +0 chain mail (worn)
Jewellery
 h - an amulet of the acrobat
Wands
 u - a wand of flame (5)
Scrolls
 g - 2 scrolls of identify {unknown}
 i - a scroll of teleportation {unknown}
 n - a scroll of blinking {unknown}
 p - a scroll of immolation {unknown}
Potions
 d - 2 potions of might
 f - a potion of curing {unknown}
 j - 2 potions of haste {unknown}
 k - a potion of heal wounds {unknown}
 o - a potion of degeneration {unknown}
 q - a potion of attraction {unknown}
 s - a potion of mutation {unknown}
 t - a potion of flight {unknown}


   Skills:
 + Level 4.0 Fighting
 + Level 3.9 Axes
 + Level 4.2 Armour
 + Level 0.6 Dodging
 + Level 0.5 Stealth
 + Level 4.5 Shields


You had 4 spell levels left.
You didn't know any spells.
Your spell library was empty.

Dungeon Overview and Level Annotations

Branches:
Dungeon (2/15)

Altars:


Innate Abilities, Weirdness & Mutations

You cannot be hasted, slowed, berserked, paralysed or teleported.
You can dig through walls and to a lower floor.
You have a pair of large antennae on your head. (SInv)
Your four strong arms can wield two-handed weapons with a shield.


Message History

Natasha is almost dead.
You hit the crimson imp but do no damage.
Natasha zaps a wand.
You block the puff of flame. The crimson imp misses you.
You completely miss Natasha.
Natasha is almost dead.
You miss the crimson imp.
Natasha stares at you and mumbles some strange words.
The magic dart hits you but does no damage.
The crimson imp blinks!
Natasha zaps a wand.
The puff of flame misses you.
The puff of flame hits the crimson imp.
The crimson imp completely resists.
You barely miss Natasha.
Natasha is almost dead.
Natasha casts a spell at you.
The magic dart hits you but does no damage.
You hit Natasha but do no damage.
Natasha is almost dead.
Natasha casts a spell.
You hit Natasha.
You kill Natasha!
You feel Natasha's spirit has finally been put to rest.
The crimson imp disappears in a puff of smoke! x2
u - a wand of flame (5)
You see here a ball python skeleton.
You see here a +0 chain mail.
v - a +0 chain mail You start removing your armour.
You continue taking off your +0 scale mail. x4
You finish taking off your +0 scale mail.
You start putting on your armour.
You continue putting on your +0 chain mail. x5
You finish putting on your +0 chain mail.
Something appears at your feet!
r - a +2 heavy battleaxe
r - a +2 heavy battleaxe (weapon)
Done exploring.
Done exploring.
Done exploring.
Done exploring.
Done exploring.
Are you sure you want to abandon this character and quit the game? (Confirm with "yes".)

#........ ### #........ #.#
######## #........
##'########......######........
#..............................
###.................#########....
...................## #.##.
...................##########..#)
...#...........>@..+....##....#.#
...#.###.####......####.##...##.#
...#.#.#.# #......# ##..#'#.....
.........######'#### #......#.#..
................# ####......#.#..
.........##########..............
...#.....# #....#..............
.........# #....#...........###
#'##.....# #....#..........>###


There were no monsters in sight!

Vanquished Creatures
  Natasha (thrice) (D:2)
  4 gnolls
  An adder (D:2)
  A worm (D:2)
  3 dart slugs
  An orc (D:2)
  A ball python (D:2)
  4 endoplasms
  A giant cockroach (D:1)
  2 goblins (D:1)
  2 hobgoblins (D:1)
  3 quokkas (D:2)
  2 bats
  3 frilled lizards
  3 kobolds
  5 rats
39 creatures vanquished.

Notes
Turn   | Place    | Note
-------+----------+-------------------------------------------
     0 | D:1      | GigaChad the Formicid Fighter began the quest for the Orb.
     0 | D:1      | Reached XP level 1. HP: 18/18 MP: 1/1
   267 | D:1      | Reached XP level 2. HP: 24/24 MP: 2/2
   593 | D:1      | Identified a scroll of acquirement
   593 | D:1      | Acquired the +0 pair of boots of Midsummer {-Tele rN+ Str+2
                  | Dex+3}
   644 | D:2      | Reached XP level 3. HP: 4/29 MP: 3/3
  1041 | D:2      | Acquired the +2 pair of gloves "Hekha" {rF+ rCorr Str+3}
  1129 | D:2      | Reached XP level 4. HP: 36/36 MP: 4/4
  1306 | D:2      | Noticed Natasha
  1321 | D:2      | Killed Natasha
  1322 | D:2      | Reached XP level 5. HP: 17/42 MP: 5/5
  1793 | D:2      | Noticed Natasha
  1801 | D:2      | Killed Natasha
  1918 | D:2      | Noticed Natasha
  1929 | D:2      | Killed Natasha
  1958 | D:2      | Acquired a +2 heavy battleaxe
  1972 | D:2      | Quit the game

Illustrated notes

Levels and vault maps discovered:
D:1:      dpeg_arrival_water_fire, layout_basic
D:2:      layout_basic, hex_large, reono_crystal_passage, st_stairs_2,
          minmay_tromino_v7, uniq_natasha

Skill      XL: |  1  2  3  4  5 |
---------------+----------------+-----
Axes           | 3 |  3.9
Armour         | 4 |  4.2
Fighting       | 4 |  4.0
Dodging        | |  0.6
Stealth        | |  0.5
Shields        | |  4.5

Action                     |  1- 3 |  4- 6 || total
---------------------------+-------+-------++-------
  Melee: War axe           |    57 |    57 ||   114
    Use: Scroll            |     2 |     1 ||     3
 Armour: Scale mail        |    27 |    20 ||    47
  Dodge: Dodged            |    27 |    23 ||    50
  Block: Buckler           |    20 |    14 ||    34

Table legend: (Time is in decaauts)
 A = Elapsed time spent in this place.
 B = Non-inter-level travel time spent in this place.
 C = Inter-level travel time spent in this place.
 D = Time resting spent in this place.
 E = Time spent auto-exploring this place.
 F = Levels seen in this place.
 G = Mean time per level.
                   A        B        C        D        E       F      G
               +--------+--------+--------+--------+--------+-----+--------+
         Total |   2016 |   1852 |    164 |    294 |   1180 |   2 | 1008.0 |
       Dungeon |   2016 |   1852 |    164 |    294 |   1180 |   2 | 1008.0 |
               +--------+--------+--------+--------+--------+-----+--------+

Top non-repeatable levels by time:
     D:1: 1041 daAuts
     D:2: 974 daAuts
